AoeStats
← Simon Stokvis

Arabia

509401853Analyzed
4v4 RM · 5d ago on Sep 26, 2026· 27m 25s· 8 players
Game mode
Random Map
Map size
Large (8 player)
Population
200
Speed
Normal
Resources
Standard
Victory
Conquest
Starting age
Dark Age
Ending age
Imperial Age
RankedLock teamsTeams togetherTeam positionsShared explorationLock speedFull tech treeHidden civsTurbo modeCheats
Victory
Defeat
🇵🇪 Franks · Peru
1594
+13
🇨🇳 Poles · China
1562
+15
🇨🇳 Shu · China
1500
+17
🇲🇴 Wei · Macao SAR China
1477
+19
🇳🇱 Khmer · Netherlands
1595
-18
🇳🇴 Varangians · Norway
1546
-17
🇨🇳 Wei · China
1507
-15
🇨🇴 Franks · Colombia
1479
-14
THE CID
6:56 Loom
9:18 Feudal Age
9:49 Double-Bit Axe
18:08 Forging
23:40 Castle Age
21:53 Scale Mail Armor
21:56 Gold Mining
22:25 Scale Barding Armor
25:33 Husbandry
26:18 Gold Shaft Mining
Arzach
6:22 Loom
8:58 Feudal Age
9:29 Double-Bit Axe
13:20 Bloodlines
16:55 Scale Barding Armor
20:12 Forging
21:18 Wheelbarrow
24:28 Castle Age
25:32 Chain Barding Armor
Simon Stokvis
8:54 Feudal Age
12:06 Fletching
16:14 Padded Archer Armor
23:41 Castle Age
23:49 Crossbowman
25:18 Bodkin Arrow
第一滴血
6:32 Loom
8:52 Feudal Age
14:51 Double-Bit Axe
16:34 Fletching
23:00 Castle Age
21:00 Horse Collar
21:24 Gold Mining
22:28 Padded Archer Armor
23:04 Crossbowman
23:40 Bodkin Arrow
24:32 Bow Saw
屁屁人
8:35 Feudal Age
10:19 Loom
13:15 Fletching
17:04 Padded Archer Armor
17:55 Wheelbarrow
26:38 Castle Age
24:53 Gold Mining
26:24 Stone Mining
27:20 Bodkin Arrow
27:53 Thumb Ring
27:41 Double-Bit Axe
小山
5:38 Loom
8:44 Feudal Age
12:09 Fletching
14:23 Double-Bit Axe
28:12 Castle Age
27:40 Gold Mining
CopoDeNieve
8:56 Feudal Age
9:26 Double-Bit Axe
10:29 Loom
16:07 Forging
17:05 Scale Barding Armor
21:48 Castle Age
21:03 Gold Mining
21:50 Light Cavalry
22:56 Chain Barding Armor
25:22 Husbandry
hailanxing.1
6:28 Loom
8:58 Feudal Age
10:21 Horse Collar
10:28 Double-Bit Axe
16:37 Scale Barding Armor
16:55 Town Watch
18:11 Bloodlines
20:20 Forging
22:37 Wheelbarrow
24:57 Castle Age
23:43 Gold Mining
23:44 Stone Mining
26:26 Chain Barding Armor
26:41 Iron Casting
26:07 Husbandry
25:29 Light Cavalry
26:17 Heavy Plow
26:36 Bow Saw
27:08 Szlachta Privileges
27:51 Chain Barding Armor
Connection lost

Rejoining the realm…

Still unreachable

The connection could not be restored.

Session expired

The server has moved on; the page needs a fresh start.